 Dungeon Crawl Stone Soup version 0.30-a0-793-g160f7cfddd (webtiles) character file.

Game seed: 5241047101923343822

2 Monkooky the Sneak (level 1, 0/14 HPs)
             Began as a Kobold Delver on Feb 19, 2023.
             Was an Initiate of Dithmenos.
             Slain by a gnoll
             ... wielding a +0 club
              (7 damage)
             ... in the Ecumenical Temple.
             The game lasted 00:02:44 (386 turns).

Monkooky the Sneak (Kobold Delver)                   Turns: 386, Time: 00:02:44

Health: 0/14       AC:  3    Str:  9    XL:     1   Next: 44%
Magic:  1/1        EV: 14    Int: 11    God:    Dithmenos [......]
Gold:   39         SH:  0    Dex: 16    Spells: 0/0 levels left

rFire   . . .      SeeInvis .    a - +0 short sword
rCold   . . .      Faith    .    (no shield)
rNeg    . . .      Spirit   .    b - +0 leather armour
rPois   .          Reflect  .    (no helmet)
rElec   .          Harm     .    (no cloak)
rCorr   .          Rampage  .    (no gloves)
Will    .....                    (no boots)
Stlth   ++++                     (no amulet)
HPRegen 0.22/turn                (no ring)
MPRegen 0.07/turn                (no ring)

@: no status effects
A: small, no large weapons, nightstalker 3
a: Renounce Religion


You were in the Ecumenical Temple.
You worshipped Dithmenos.
Dithmenos was noncommittal.
You visited 2 branches of the dungeon, and saw 2 of its levels.

You collected 39 gold pieces.

Inventory:

Hand Weapons
 a - a +0 short sword (weapon)
Armour
 b - a +0 leather armour (worn)
Wands
 g - a wand of digging (3)
 h - a wand of roots (5)
Scrolls
 c - a scroll of fog
 d - a scroll of magic mapping
 e - a scroll of fear
 j - a scroll of identify {unknown}
Potions
 f - a potion of haste
 i - 2 potions of resistance {unknown}


   Skills:
 - Level 3.2 Fighting
 - Level 2.6 Short Blades
 - Level 2.4 Dodging
 - Level 6.6 Stealth
 * Level 1.0 Evocations


You couldn't memorise any spells.
You didn't know any spells.
Your spell library was empty.

Dungeon Overview and Level Annotations

Branches:
Dungeon (5/15)             Temple (1/1) D:5

Altars:
Ashenzari
Dithmenos
Elyvilon
Fedhas
Sif Muna
Uskayaw
Yredelemnul
Zin


Innate Abilities, Weirdness & Mutations

You are small and have problems with some larger weapons.
You are completely attuned to the shadows.


Message History

A gnoll comes into view. It is wielding a +0 whip.
The gnoll shouts!
You hear a shout! x2
The gnoll hits you from afar with a +0 halberd.
The gnoll misses you.
The gnoll hits you from afar with a +0 halberd!
Ouch! That really hurt!
* * * LOW HITPOINT WARNING * * *
Okay, then.
You see here a staff of air.
You start resting.
A gnoll is nearby!
Found 15 gold pieces.
Found a scroll labelled KIEMEO MAXUAFF.
You see here a scroll labelled KIEMEO MAXUAFF.
You open the door. You hit the gnoll.
The gnoll is moderately wounded.
The gnoll barely misses you.
You hit the gnoll.
The gnoll is heavily wounded.
The gnoll barely misses you.
The gnoll hits you from afar with a +0 spear.
The gnoll attacks as you move away! The gnoll closely misses you.
There is an open door here.
The gnoll attacks as you move away! The gnoll closely misses you.
You see here a +0 ring mail.
There is a staircase to the Ecumenical Temple here.
The gnoll hits you from afar with a +0 spear.
You climb downwards.
Welcome back to the Ecumenical Temple!
There is a staircase back to the Dungeon here.
You hit the gnoll but do no damage.
The gnoll is heavily wounded.
The gnoll hits you with a +0 club.
You hit the gnoll.
The gnoll is heavily wounded.
You barely miss the gnoll.
The gnoll is heavily wounded.
The gnoll hits you with a +0 club!
Ouch! That really hurt!
You die...

###........_...
##..............
##......._.......
##................
#.................
##....._...........
#.................
#..g.............
#.@.._..........
#..............
#.............
##....._.....
#..........


You could see a gnoll.

Vanquished Creatures
  A dart slug (D:5)
1 creature vanquished.

Notes
Turn   | Place    | Note
-------+----------+-------------------------------------------
     0 | D:5      | Monkooky the Kobold Delver began the quest for the Orb.
     0 | D:5      | Reached XP level 1. HP: 14/14 MP: 1/1
    51 | D:5      | Found a staircase to the Ecumenical Temple.
    57 | Temple   | Entered the Ecumenical Temple
    99 | Temple   | Became a worshipper of Dithmenos the Shadowed
   144 | D:5      | Reached skill level 1 in Evocations
   291 | D:5      | Noticed an iguana
   386 | Temple   | Slain by a gnoll

Illustrated notes

Levels and vault maps discovered:
D:5:      layout_loops_corners, chequers_temple_overflow_statue_of_worship,
          minmay_temple_entry_hall, minivault_25
Temple:   compressed_dpeg_circular_temple

Skill      XL: |  1 |
---------------+----+-----
Evocations     | 1 |  1.0
Fighting       | |  3.2
Short Blades   | |  2.6
Dodging        | |  2.4
Stealth        | |  6.6

Action                     || total
---------------------------++-------
  Melee: Short sword       ||     6
   Stab: Sleeping          ||     1
  Dodge: Dodged            ||     5

Table legend: (Time is in decaauts)
 A = Elapsed time spent in this place.
 B = Non-inter-level travel time spent in this place.
 C = Inter-level travel time spent in this place.
 D = Time resting spent in this place.
 E = Time spent auto-exploring this place.
 F = Levels seen in this place.
 G = Mean time per level.
                   A        B        C        D        E       F      G
               +--------+--------+--------+--------+--------+-----+--------+
         Total |    386 |    378 |      8 |      2 |     47 |   2 |  193.0 |
       Dungeon |    326 |    318 |      8 |      2 |     24 |   1 |  326.0 |
        Temple |     60 |     60 |      0 |      0 |     23 |   1 |   60.0 |
               +--------+--------+--------+--------+--------+-----+--------+

Top non-repeatable levels by time:
     D:5: 326 daAuts
  Temple: 60 daAuts
